 Dungeon Crawl Stone Soup version 0.28-a0-957-g42eb19b844 (webtiles) character file.

Game seed: 264270361185066193

192337 Gwenloh the Eclecticist (level 18, -14/96 HPs)
             Began as a Spriggan Venom Mage on Nov 28, 2021.
             Was a Priest of Sif Muna.
             Killed from afar by a will-o-the-wisp (15 damage)
             ... with a foxfire
             ... on level 1 of the Swamp on Dec 1, 2021.
             The game lasted 03:19:52 (39632 turns).

Gwenloh the Eclecticist (Spriggan Venom Mage)      Turns: 39632, Time: 03:19:52

Health: -14/96     AC: 15    Str:  7    XL:     18   Next: 3%
Magic:  28/38      EV: 28    Int: 30    God:    Sif Muna [***...]
Gold:   2328       SH:  0    Dex: 19    Spells: 24/48 levels left

rFire   . . .      SeeInvis +   y - +6 dagger "Efienuow" {vorpal, rPois rC+ Int+2}
rCold   + . .      Faith    .   (shield restricted)
rNeg    + . .      Spirit   .   J - +4 steam dragon scales
rPois   +          Reflect  .   Y - +2 hat {SInv}
rElec   .          Harm     .   (no cloak)
rCorr   .          Rampage  .   (gloves unavailable)
Will    +++..                   (boots unavailable)
Stlth   +++.......              G - amulet of magic regeneration
HPRegen 0.26/turn               k - ring of the Country {rN+ Int+7 Dex+3}
MPRegen 0.66/turn               p - +4 ring of protection

@: very slightly contaminated, very quick
A: very small, no large weapons, unfitting armour, see invisible, speed 3
a: Renounce Religion, Channel Magic, Forget Spell


You were on level 1 of the Swamp.
You worshipped Sif Muna.
Sif Muna was most pleased with you.
You visited 5 branches of the dungeon, and saw 25 of its levels.
You also visited: Bailey and Volcano.

You collected 2868 gold pieces.
You spent 540 gold pieces at shops.

Inventory:

Hand Weapons
 y - the +6 dagger "Efienuow" (weapon) {vorpal, rPois rC+ Int+2}
   (You took it off an orc wizard on level 6 of the Dungeon)

   It inflicts extra damage upon your enemies.
   Int:       It affects your intelligence (+2).
   rC:        It protects you from cold.
   rPois:     It protects you from poison.
 Z - the +8 shortbow of Hepliaklqana's Reproof {flame, Str+3 Int-2 Stlth+}
   (You found it on level 14 of the Dungeon)

   Any ammunition fired from it burns those it strikes, dealing additional fire
   damage.
   Str:       It affects your strength (+3).
   Int:       It affects your intelligence (-2).
   Stlth:     It makes you more stealthy.
Missiles
 d - 95 poisoned darts (quivered)
 X - 3 throwing nets
Armour
 J - +4 steam dragon scales (worn)
 P - the +1 robe of Sloth {Contam rC- Will+++ Int+4}
   (You found it on level 14 of the Dungeon)

   Int:       It affects your intelligence (+4).
   rC:        It makes you vulnerable to cold.
   Contam:    It causes magical contamination when unequipped.
   Will:      It greatly increases your willpower.
 Y - a +2 hat of see invisible (worn)
Magical Staves
 N - a staff of fire
 R - a staff of earth
 W - a staff of poison
Jewellery
 h - a ring of resist corrosion
 k - the ring of the Country (left hand) {rN+ Int+7 Dex+3}
   (You acquired it on level 8 of the Dungeon)

   [ring of positive energy]

   Int:       It affects your intelligence (+7).
   Dex:       It affects your dexterity (+3).
   rN:        It protects you from negative energy.
 p - a +4 ring of protection (right hand)
 q - the ring of Starshine {rC+ rN+ Int+3}
   (You found it on level 13 of the Dungeon)

   [ring of positive energy]

   Int:       It affects your intelligence (+3).
   rC:        It protects you from cold.
   rN:        It protects you from negative energy.
 G - an amulet of magic regeneration (around neck)
Wands
 b - a wand of digging (5)
 t - a wand of flame (94)
 B - a wand of polymorph (29)
 C - a wand of charming (19)
 I - a wand of acid (10)
 L - a wand of iceblast (54)
 O - a wand of paralysis (25)
Scrolls
 e - 6 scrolls of vulnerability
 j - 3 scrolls of magic mapping
 m - 3 scrolls of teleportation
 n - 2 scrolls of fog
 o - 2 scrolls of noise {unknown}
 r - 2 scrolls of holy word
 s - 2 scrolls of summoning
 u - 3 scrolls of amnesia
 v - 6 scrolls of enchant weapon
 w - 3 scrolls of fear
 D - 4 scrolls of immolation
 Q - a scroll of torment {unknown}
 T - a scroll of silence {unknown}
Potions
 a - 2 potions of cancellation {unknown}
 c - a potion of heal wounds
 f - 9 potions of haste {unknown}
 g - 6 potions of curing {unknown}
 i - 4 potions of flight {unknown}
 l - 6 potions of brilliance {unknown}
 x - 4 potions of ambrosia
 A - a potion of invisibility {unknown}
 E - 6 potions of might {unknown}
 H - 5 potions of attraction {unknown}
 K - 3 potions of mutation {unknown}
 M - 2 potions of lignification {unknown}
 U - 2 potions of resistance
 V - 3 potions of berserk rage {unknown}
Miscellaneous
 F - a phial of floods
 S - a lightning rod (4/4)


   Skills:
 + Level 11.0 Fighting
 + Level 14.1 Dodging
 - Level 3.0 Stealth
 + Level 15.6 Spellcasting
 - Level 3.0 Conjurations
 * Level 10.0 Transmutations
 - Level 5.5 Air Magic
 * Level 5.2 Earth Magic
 - Level 14.9 Poison Magic
 + Level 11.4 Invocations


You had 24 spell levels left.
You knew the following spells:

 Your Spells              Type           Power      Damage    Failure   Level
a - Sting                 Tmut/Pois      100%       1d8       0%          1
b - Poisonous Vapours     Pois/Air       100%       N/A       1%          2
c - Mephitic Cloud        Conj/Pois/Air  63%        N/A       1%          3
d - Ignite Poison         Fire/Tmut/Pois 65%        N/A       1%          3
e - Olgreb's Toxic Radia  Pois           85%        N/A       1%          4
f - Alistair's Intoxicat  Tmut/Pois      52%        N/A       1%          5
g - Statue Form           Tmut/Erth      41%        N/A       13%         6

Your spell library contained the following spells:

 Spells                   Type           Power      Damage    Failure   Level
 Animate Skeleton         Necr           46%        N/A       1%          1
 Apportation              Tloc           46%        N/A       1%          1
 Foxfire                  Conj/Fire      100%       2x1d9     1%          1
 Freeze                   Ice            92%        1d10      1%          1
 Magic Dart               Conj           100%       1d8       1%          1
 Shock                    Conj/Air       100%       1d9       1%          1
 Slow                     Hex            92%        N/A       1%          1
 Corpse Rot               Necr/Air       80%        N/A       1%          2
 Searing Ray              Conj           82%        2d7       1%          2
 Spider Form              Tmut/Pois      78%        N/A       1%          3
 Stone Arrow              Conj/Erth      96%        3d13      1%          3
 Petrify                  Tmut/Erth      62%        N/A       1%          4
 Eringya's Noxious Bog    Tmut/Pois      39%        N/A       1%          6
 Ice Form                 Ice/Tmut       52%        N/A       2%          4
 Call Imp                 Summ           23%        N/A       3%          2
 Ensorcelled Hibernation  Hex/Ice        46%        N/A       3%          2
 Conjure Flame            Conj/Fire      32%        6-21      3%          3
 Dazzling Flash           Conj/Hex       64%        N/A       3%          3
 Call Canine Familiar     Summ           23%        N/A       6%          3
 Frozen Ramparts          Ice            46%        1d6       6%          3
 Gell's Gravitas          Tloc           23%        N/A       6%          3
 Inner Flame              Hex/Fire       23%        N/A       6%          3
 Lesser Beckoning         Tloc           23%        N/A       6%          3
 Ozocubu's Armour         Ice            23%        N/A       6%          3
 Portal Projectile        Hex/Tloc       46%        N/A       6%          3
 Summon Guardian Golem    Hex/Summ       23%        N/A       6%          3
 Teleport Other           Tloc           23%        N/A       6%          3
 Tukima's Dance           Hex            23%        N/A       6%          3
 Vampiric Draining        Necr           23%        2d7       6%          3
 Summon Lightning Spire   Summ/Air       40%        N/A       6%          4
 Animate Armour           Summ/Erth      78%        N/A       7%          4
 Leda's Liquefaction      Hex/Erth       19%        N/A       7%          4
 Flame Wave               Conj/Fire      32%        2d7       11%         4
 Fulminant Prism          Conj/Hex       16%        3d11      11%         4
 Hailstorm                Conj/Ice       32%        3d8       11%         4
 Freezing Cloud           Conj/Ice/Air   20%        6-21      17%         5
 Summon Ice Beast         Ice/Summ       23%        N/A       19%         4
 Fireball                 Conj/Fire      16%        3d8       28%         5
 Metabolic Englaciation   Hex/Ice        11%        N/A       47%         5
 Summon Mana Viper        Hex/Summ       23%        N/A       47%         5
 Storm Form               Tmut/Air       31%        N/A       56%         7
 Starburst                Conj/Fire      16%        6d6       85%         6
 Simulacrum               Ice/Necr       11%        N/A       96%         6
 Summon Cactus Giant      Summ           11%        N/A       96%         6
 Orb of Destruction       Conj           20%        9d9       99%         7
 Ozocubu's Refrigeration  Ice            11%        4d7       100%        7
 Spellforged Servitor     Conj/Summ      16%        N/A       100%        7
 Borgnjor's Revivificati  Necr           11%        N/A       100%        8
 Lehudib's Crystal Spear  Conj/Erth      24%        10d7      100%        8
 Maxwell's Capacitive Co  Air            27%        ∞         100%        8
 Fire Storm               Conj/Fire      16%        8d4       100%        9


Dungeon Overview and Level Annotations

Branches:
Dungeon (15/15)            Temple (1/1) D:5            Lair (6/6) D:10
  Swamp (1/4) Lair:3       Spider (0/4) Lair:3        Slime (0/5) Lair:5
    Orc (2/2) D:10            Elf (0/3) Orc:2        Vaults (0/5) D:14
 Depths (0/4) D:15         Bailey (visited)         Volcano (visited)

Altars:
Ashenzari
Cheibriados
Dithmenos
Elyvilon
Fedhas
Gozag
Hepliaklqana
Kikubaaqudgha
Makhleb
Nemelex Xobeh
Okawaru
Qazlal
Ru
Sif Muna
Trog
Uskayaw
Vehumet
Wu Jian
Xom
Yredelemnul
Zin
The Shining One
Beogh
Jiyva

Shops:
D:1 !   D:3 (   D:7 *   Orc:2 ([*=

Annotations:
D:4 Menkaure
D:5 Grinder
Lair:6 exclusion: obsidian statue


Innate Abilities, Weirdness & Mutations

You are very small and have problems with some larger weapons.
You are too small for most types of armour.
You have supernaturally acute eyesight. (SInv)
You cover ground extremely quickly. (Speed+++)


Message History

An alligator comes into view.
Casting: Ignite Poison (safe; 1% risk of failure)
Confirm with . or Enter, or press ? or * to list all spells.
Aiming: Poisonous Vapours (safe; 1% risk of failure)
Press: ? - help, Dir - move target, f - alligator
Aim: an alligator Poisonous vapours surround the alligator!
The alligator is poisoned.
Casting: Poisonous Vapours (safe; 1% risk of failure)
Confirm with . or Enter, or press ? or * to list all spells.
Aiming: Poisonous Vapours (safe; 1% risk of failure)
Press: ? - help, Dir - move target, f/p - alligator
Aim: an alligator (very poisoned) Poisonous vapours surround the alligator!
The alligator looks as sick as possible!
Casting: Poisonous Vapours (safe; 1% risk of failure)
Confirm with . or Enter, or press ? or * to list all spells.
You ignite the poison in your surroundings!
The alligator seems to burn from within!!!
The alligator is almost dead.
The alligator bites you but does no damage.
The alligator misses you.
Casting: Ignite Poison (safe; 1% risk of failure)
Confirm with . or Enter, or press ? or * to list all spells.
Aiming: Poisonous Vapours (safe; 1% risk of failure)
Press: ? - help, Dir - move target, f/p - alligator
Aim: an alligator (almost dead) Poisonous vapours surround the alligator!
The alligator looks as sick as possible!
The will-o-the-wisp gives a chilling moan.
You kill the alligator!
Sif Muna accepts your kill.
An eleionoma comes into view.
The will-o-the-wisp gestures.
The will-o-the-wisp conjures some foxfire! 2 foxfires come into view.
The foxfire hits you!
* * * LOW HITPOINT WARNING * * *
The foxfire hits you!
You die...

♣♣♣≈♣........≈≈.♣
♣♣♣♣♣.♣♣..≈≈≈..≈.≈≈.≈♣
≈♣.≈≈♣ ♣...≈≈....≈...♣♣
≈♣..≈♣ ♣.≈.......≈...≈ .
♣.≈..♣ ♣≈≈.......... .≈
♣..♣♣♣ ♣≈..≈..♣≈..♣♣♣♣♣≈≈ .
♣♣♣≈≈♣ ♣.≈§≈♣♣≈.....≈≈≈≈.
♣♣.≈≈♣ ♣....≈...§..♣♣≈≈≈.
♣≈.♣♣.♣♣♣ ♣.....@≈..^≈≈♣$≈..
≈≈♣♣ ♣≈≈ ♣....v.§.≈..♣§≈..♣
§≈♣♣♣♣≈≈♣♣♣...§≈≈≈≈.≈≈≈≈♣.§♣
♣♣.♣♣.♣♣.♣♣§v§≈≈≈≈..≈≈..≈♣
♣♣.♣♣§♣♣.♣♣≈§§≈..♣♣♣.≈.≈♣♣
§≈.≈§..≈♣.≈≈§>..≈♣ ♣♣≈.≈♣
≈≈≈≈≈.≈.≈.≈≈§≈(♣♣♣ ♣♣♣♣
...≈≈♣.≈....≈≈≈♣
....♣...≈≈$§.≈≈


You could see a will-o-the-wisp.

Vanquished Creatures
  Gastronok (D:11)
  Kirke (D:15)
  2 orc warlords
  Nessos (D:12)
  3 entropy weavers (D:14)
  3 dire elephants (Lair:6)
  An eleionoma (Swamp:1)
  An ettin (D:15)
  Fannar (Lair:2)
  Harold (D:11)
  5 boulder beetles
  3 ghost crabs (D:14)
  15 hydras
  4 vault guards (D:14)
  A death knight (D:14)
  A catoblepas (Lair:3)
  5 centaur warriors
  2 two-headed ogres
  3 death yaks
  3 alligators (Swamp:1)
  An orc high priest (Orc:2)
  4 tengu warriors
  2 hell knights
  Nergalle (Orc:2)
  4 fire crabs (D:14)
  5 slime creatures
  A skeletal warrior (D:15)
  A spectral anaconda (Lair:6)
  Pikel (D:6)
  A phantasmal warrior (D:14)
  5 necromancers
  2 deep trolls (D:15)
  7 orc knights
  2 deep elf pyromancers (D:15)
  12 ugly things
  4 cyclopes
  2 orc sorcerers (Orc:2)
  4 black mambas
  18 elephants
  A manticore (D:11)
  2 gargoyles
  An apocalypse crab (D:14)
  13 cane toads
  2 dire elephant zombies (Lair:6)
  3 unseen horrors
  2 kobold demonologists (D:14)
  4 rime drakes
  5 komodo dragons
  2 yaktaurs (Volcano)
  2 tengu conjurers (D:15)
  7 trolls
  5 polar bears
  3 meliai (D:14)
  A queen bee (D:14)
  3 tyrant leeches
  A spectral elephant (Lair:6)
  7 blink frogs
  18 dream sheep
  3 shadows
  A redback (shapeshifter) (D:14)
  2 centaur simulacra
  Eustachio (D:6)
  38 yaks
  Sigmund (D:6)
  7 fire bats (Volcano)
  3 wyverns
  2 wraiths (D:15)
  5 hogs (D:15)
  2 basilisks
  2 steam dragons (D:8)
  2 death yak simulacra (Lair:6)
  3 vampire mosquitoes
  A spectral cane toad (Lair:6)
  2 swamp worms (Lair:3)
  A warg (Orc:2)
  18 water moccasins
  33 orc warriors
  A sky beast (D:7)
  2 necrophages (D:6)
  5 boggarts (D:15)
  7 centaurs
  8 wolves
  7 ogres
  A phantom (D:5)
  2 lemures
  3 elephant skeletons (Lair:6)
  12 bullfrogs
  6 kobold brigands
  6 scorpions
  2 water moccasin skeletons
  23 killer bees
  An elephant simulacrum (Lair:6)
  7 wights (D:8)
  A howler monkey (D:8)
  6 electric eels
  2 bullfrog zombies
  8 lava snakes (Volcano)
  2 centaur zombies
  2 jellies
  11 orc priests
  2 bullfrog skeletons
  7 hounds
  A centaur skeleton (D:7)
  A gnoll shaman (D:8)
  Jessica (D:3)
  2 iguanas
  17 orc wizards
  Natasha (D:2)
  A hound skeleton (D:4)
  A howler monkey zombie (D:11)
  15 gnolls
  8 adders
  A shadow imp (D:6)
  2 ufetubi
  2 worms
  2 dart slugs
  43 orcs
  3 bats
  9 endoplasms
  5 giant cockroaches
  29 goblins
  19 hobgoblins
  5 quokkas
  7 ball pythons
  A frilled lizard (D:1)
  15 kobolds
  2 quokka skeletons (D:4)
  5 rats
675 creatures vanquished.

Vanquished Creatures (others)
  An ugly thing (D:13)
  11 foxfires (Swamp:1)
  21 fungi
  49 plants
  32 withered plants (Lair:6)
114 creatures vanquished.

Grand Total: 789 creatures vanquished

Notes
Turn   | Place    | Note
-------+----------+-------------------------------------------
     0 | D:1      | Gwenloh the Spriggan Venom Mage began the quest for the
                  | Orb.
     0 | D:1      | Reached XP level 1. HP: 9/9 MP: 5/5
   402 | D:1      | Reached XP level 2. HP: 8/13 MP: 1/6
   405 | D:1      | Learned a level 2 spell: Poisonous Vapours
   578 | D:1      | Reached skill level 3 in Spellcasting
   745 | D:1      | Found a faded altar of an unknown god.
   798 | D:1      | Got Plato's Catalogue of Heat
   997 | D:1      | Found Fiveunem's Distillery.
  1359 | D:1      | Reached XP level 3. HP: 16/16 MP: 5/8
  1363 | D:1      | Learned a level 3 spell: Mephitic Cloud
  2055 | D:2      | Reached skill level 1 in Air Magic
  2264 | D:2      | Noticed Natasha
  2322 | D:2      | Killed Natasha
  2323 | D:2      | Reached XP level 4. HP: 16/21 MP: 0/10
  2986 | D:3      | Learned a level 3 spell: Ignite Poison
  3190 | D:3      | Noticed Jessica
  3195 | D:3      | Killed Jessica
  3196 | D:3      | Reached skill level 1 in Fighting
  3284 | D:3      | Reached XP level 5. HP: 23/25 MP: 6/11
  3603 | D:3      | Found a glowing golden altar of the Shining One.
  3639 | D:3      | Found Foroonut's Weapon Emporium.
  3822 | D:3      | Reached skill level 4 in Spellcasting
  4242 | D:4      | Noticed Menkaure
  4250 | D:5      | Entered Level 5 of the Dungeon
  4416 | D:5      | Found a staircase to the Ecumenical Temple.
  4430 | Temple   | Entered the Ecumenical Temple
  4576 | Temple   | Became a worshipper of Sif Muna the Loreminder
  4651 | D:5      | Found a hazy altar of Hepliaklqana.
  4758 | D:4      | Reached XP level 6. HP: 30/30 MP: 1/13
  4796 | D:4      | Reached skill level 5 in Poison Magic
  5574 | D:5      | Found a radiant altar of Vehumet.
  5874 | D:5      | Noticed Grinder
  5939 | D:5      | Reached * piety under Sif Muna
  5940 | D:5      | Reached XP level 7. HP: 35/35 MP: 5/15
  6011 | D:5      | Learned a level 4 spell: Olgreb's Toxic Radiance
  6151 | D:5      | Got Boirouxo's Almanac of the Frigorific Entourage
  6644 | D:5      | Reached skill level 5 in Spellcasting
  7158 | D:6      | Noticed Eustachio
  7169 | D:6      | Found a broken altar of Ashenzari.
  7169 | D:6      | Noticed Sigmund
  7437 | D:7      | Reached XP level 8. HP: 40/40 MP: 14/17
  7496 | D:6      | Identified the +6 dagger "Efienuow" {vorpal, rPois rC+
                  | Int+2}
  7504 | D:6      | Killed Sigmund
  7505 | D:6      | Reached skill level 6 in Spellcasting
  7884 | D:6      | Killed Eustachio
  8329 | D:6      | Upgraded the game from 0.28-a0-938-gbc3f381ebc to
                  | 0.28-a0-941-g140ffa10cf
  8374 | D:6      | Noticed an unseen horror
  8378 | D:6      | Killed an unseen horror
  8379 | D:6      | Reached skill level 7 in Spellcasting
  8379 | D:6      | Reached XP level 9. HP: 44/45 MP: 0/20
  8383 | D:6      | Noticed Pikel
  8832 | D:6      | Reached ** piety under Sif Muna
  8939 | D:6      | Killed Pikel
  9051 | D:7      | Found Titzow's Gadget Gallery.
  9365 | D:7      | Reached skill level 8 in Spellcasting
  9473 | D:7      | Reached skill level 5 in Fighting
  9639 | D:7      | Reached skill level 1 in Conjurations
 10250 | D:8      | Found a flagged portal.
 10294 | Bailey   | Entered a bailey
 10494 | Bailey   | Reached skill level 10 in Poison Magic
 10674 | Bailey   | Reached skill level 1 in Invocations
 10755 | Bailey   | Reached *** piety under Sif Muna
 10885 | Bailey   | Noticed an orc knight
 10908 | Bailey   | Killed an orc knight
 10909 | Bailey   | Reached XP level 10. HP: 51/51 MP: 4/23
 11161 | Bailey   | Noticed an orc knight
 11179 | Bailey   | Killed an orc knight
 11360 | Bailey   | Noticed an orc warlord
 11378 | Bailey   | Killed an orc warlord
 11379 | Bailey   | Reached skill level 9 in Spellcasting
 11656 | Bailey   | Got the Incunabulum of Enchanting Air
 11981 | D:8      | Reached **** piety under Sif Muna
 12458 | D:8      | Noticed a manticore
 12460 | D:8      | Got the Almanac of the Dark Compass
 13198 | D:9      | Found a bloodstained altar of Trog.
 13420 | D:9      | Found a white marble altar of Elyvilon.
 13829 | D:10     | Entered Level 10 of the Dungeon
 13864 | D:10     | Reached XP level 11. HP: 56/56 MP: 23/25
 14062 | D:10     | Found a staircase to the Orcish Mines.
 14081 | D:10     | Noticed a two-headed ogre
 14086 | D:10     | Killed a two-headed ogre
 14168 | D:10     | Reached skill level 10 in Spellcasting
 14430 | D:10     | Found a staircase to the Lair.
 15386 | Lair:1   | Entered Level 1 of the Lair of Beasts
 15581 | Lair:1   | Reached skill level 5 in Dodging
 15664 | Lair:1   | Reached skill level 5 in Invocations
 15665 | Lair:1   | Reached ***** piety under Sif Muna
 15737 | Lair:1   | Noticed a seven-headed hydra
 15746 | Lair:1   | Killed a seven-headed hydra
 16334 | Lair:1   | Noticed a seven-headed hydra
 16350 | Lair:1   | Killed a seven-headed hydra
 16866 | Lair:1   | Noticed a six-headed hydra
 16885 | Lair:1   | Noticed an eight-headed hydra
 16890 | Lair:1   | Killed a six-headed hydra
 16891 | Lair:1   | Reached skill level 11 in Spellcasting
 16891 | Lair:1   | Reached XP level 12. HP: 56/63 MP: 13/28
 16917 | Lair:1   | Killed an eight-headed hydra
 17950 | Lair:2   | Noticed Fannar
 17954 | Lair:2   | Killed Fannar
 17957 | Lair:2   | Noticed an eight-headed hydra
 17974 | Lair:2   | Killed an eight-headed hydra
 18689 | Lair:3   | Noticed an eight-headed hydra
 18708 | Lair:3   | Killed an eight-headed hydra
 18960 | Lair:3   | Found a hole to the Spider Nest.
 19085 | Lair:3   | Received a gift from Sif Muna
 19086 | Lair:3   | Got Otekloeh's Handbook of Bewitchment {god gift}
 19101 | Lair:3   | Reached skill level 12 in Spellcasting
 19478 | Lair:3   | Noticed a catoblepas
 19505 | Lair:3   | Killed a catoblepas
 19580 | Lair:3   | Found a staircase to the Swamp.
 19862 | Lair:3   | Acquired the ring of the Country {rN+ Int+7 Dex+3}
 20253 | Lair:4   | Reached XP level 13. HP: 69/69 MP: 18/30
 21620 | Lair:5   | Reached skill level 10 in Dodging
 21738 | Lair:5   | Found a viscous altar of Jiyva.
 21739 | Lair:5   | Found a staircase to the Slime Pits.
 22394 | Lair:5   | Found a dark tunnel.
 22399 | Volcano  | Entered a volcano
 22423 | Volcano  | Reached skill level 13 in Spellcasting
 23198 | Volcano  | Found a radiant altar of Vehumet.
 23417 | Lair:6   | Entered Level 6 of the Lair of Beasts
 24611 | Lair:6   | Noticed a dire elephant
 25146 | Lair:6   | Noticed a dire elephant
 25165 | Lair:6   | Reached XP level 14. HP: 25/75 MP: 22/32
 25320 | Lair:6   | Received a gift from Sif Muna
 25321 | Lair:6   | Got Sif Muna's Collected Works on Attacks {god gift}
 26898 | Lair:6   | Reached skill level 14 in Spellcasting
 27252 | Orc:1    | Entered Level 1 of the Orcish Mines
 27601 | Orc:2    | Entered Level 2 of the Orcish Mines
 28023 | Orc:2    | Found a staircase to the Elven Halls.
 28532 | Orc:2    | Noticed an orc warlord
 28539 | Orc:2    | Killed an orc warlord
 28580 | Orc:1    | Upgraded the game from 0.28-a0-941-g140ffa10cf to
                  | 0.28-a0-957-g42eb19b844
 28907 | Orc:2    | Reached skill level 10 in Invocations
 29059 | Orc:2    | Reached skill level 10 in Fighting
 29082 | Orc:2    | Noticed Nergalle
 29216 | Orc:2    | Found a bloodstained altar of Trog.
 29428 | Orc:2    | Killed Nergalle
 29654 | Orc:2    | Found Wanowuv's General Store.
 29667 | Orc:2    | Found Daqem's Antique Weapon Shop.
 29690 | Orc:2    | Bought a scroll of identify for 30 gold pieces
 29690 | Orc:2    | Bought a scroll of identify for 30 gold pieces
 29690 | Orc:2    | Bought a scroll of identify for 30 gold pieces
 29800 | Orc:2    | Found Ehusilul's Antique Armour Shop.
 29832 | Orc:2    | Found Peffuus's Jewellery Shop.
 29838 | Orc:2    | Bought an amulet of magic regeneration for 450 gold pieces
 30220 | D:11     | Noticed Gastronok
 30231 | D:11     | Killed Gastronok
 30231 | D:11     | Noticed Harold
 30547 | D:11     | Killed Harold
 30704 | D:11     | Identified the +2 buckler of Hucikh {*Slow rPois rC++ SInv}
 31016 | D:11     | Reached skill level 5 in Air Magic
 31545 | D:12     | Found a gate leading to a gauntlet.
 31580 | D:12     | Reached XP level 15. HP: 80/80 MP: 32/34
 31730 | D:12     | Found a white marble altar of Elyvilon.
 32027 | D:12     | Noticed Nessos
 32110 | D:12     | Killed Nessos
 32580 | D:13     | Identified the +2 dagger "Xaogo" {venom, rElec Int+5 Dex-3
                  | Stlth+}
 32798 | D:13     | Identified the ring of Starshine {rC+ rN+ Int+3}
 32973 | D:14     | Identified the +8 shortbow of Hepliaklqana's Reproof
                  | {flame, Str+3 Int-2 Stlth+}
 33406 | D:14     | Found a runed translucent door.
 33766 | D:14     | Received a gift from Sif Muna
 33767 | D:14     | Got Fodik's Almanac of Dusty Venom {god gift}
 33796 | D:14     | Learned a level 5 spell: Alistair's Intoxication
 33973 | D:14     | Reached skill level 15 in Spellcasting
 35455 | D:14     | Paralysed by you for 6 turns
 35810 | D:14     | Found a gate to the Vaults.
 36931 | D:14     | Identified the +1 robe of Sloth {Contam rC- Will+++ Int+4}
 37007 | D:15     | Entered Level 15 of the Dungeon
 37010 | D:15     | Reached skill level 5 in Transmutations
 38504 | D:15     | Found a staircase to the Depths.
 38549 | D:15     | Learned a level 6 spell: Statue Form
 38557 | D:15     | Found a stormy altar of Qazlal.
 38608 | D:15     | Noticed Kirke
 38618 | D:15     | Reached skill level 1 in Earth Magic
 38624 | D:15     | Killed Kirke
 38694 | D:15     | Reached XP level 16. HP: 86/86 MP: 36/36
 38695 | D:15     | Reached XP level 17. HP: 91/91 MP: 37/37
 38938 | D:15     | Reached skill level 5 in Earth Magic
 39450 | Swamp:1  | Entered Level 1 of the Swamp
 39455 | Swamp:1  | Reached XP level 18. HP: 96/96 MP: 31/38
 39521 | Swamp:1  | Reached skill level 10 in Transmutations
 39632 | Swamp:1  | HP: 1/96 [will-o-the-wisp/foxfire (14)]
 39632 | Swamp:1  | Killed from afar by a will-o-the-wisp

Illustrated notes

Levels and vault maps discovered:
D:1:      minmay_arrival_open_corners, layout_basic,
          shapermc_ecumenical_altar_rom_forum, serial_shops, shop_statue
D:2:      layout_loops_ring, uniq_natasha
D:3:      layout_rooms, tso_altar, serial_shops,
          nicolae_shop_bloodbath_and_beyond, minmay_misc_feat_hallway,
          chequers_big_river, uniq_jessica
D:4:      layout_basic, minmay_parallelograms, uniq_menkaure
D:5:      layout_loops_corners, mainiacjoe_overflow_chevrons,
          nicolae_overflow_hidden_temple, minmay_temple_entry_mini_moons,
          uniq_grinder
D:6:      layout_basic, amcnicky_altar_gilded, uniq_sigmund, uniq_eustachio,
          uniq_pikel
D:7:      layout_basic, nicolae_shop_gadgets
D:8:      layout_gridville, enter_bailey_7, wad_dig_loot
D:9:      layout_rooms, general_overflow_altar,
          mainiacjoe_overflow_cross_hatched, serial_corexii_hall,
          corexii_hall_statues_i, corexii_hall_statues_i,
          corexii_hall_statues_s, corexii_hall_statues_x
D:10:     layout_cave_pods, erik_lair_island, orc_0_dummy,
          hangedman_abyss_or_decor_stabs
D:11:     layout_stronghold, uniq_harold, uniq_gastronok
D:12:     layout_loops_cross, gauntlet_entry_generic,
          nicolae_elyvilon_temple_path, uniq_nessos
D:13:     layout_rooms
D:14:     gammafunk_mikee_crab_dinner, layout_basic,
          lightli_vaults_fourway_checkpoint, chequers_garden, minivault_7
D:15:     hangedman_depths_entry_civil_slaughter, layout_long_grid,
          nicolae_qazlal_style_of_elements, uniq_kirke
Temple:   nicolae_temple_elliptical
Lair:1:   layout_cave_pods, serial_bayou_shore_a, lemuel_fruit_fields,
          grunt_megastairs_5, lemuel_fruit_tree
Lair:2:   layout_hall_layers, uniq_fannar
Lair:3:   layout_gridlike, minmay_swamp_entry_worms,
          spider_nest_entry_web_field, grunt_megastairs_4
Lair:4:   nzn_winding_woodlands_medium [nzn_winding_woodlands_5x5_three,
          nzn_winding_woodlands_5x15_parted, nzn_winding_woodlands_hourglass,
          nzn_winding_woodlands_5x5_perimeter,
          nzn_winding_woodlands_center_triple_pond,
          nzn_winding_woodlands_5x5_open_star,
          nzn_winding_woodlands_5x5_default, nzn_winding_woodlands_5x15_cabin,
          nzn_winding_woodlands_5x5_default], layout_misc_corridors,
          chequers_serial_rivers_small_b, st_stairs_11
Lair:5:   layout_regular_city, slime_altar_1, enter_volcano_4
Lair:6:   due_jungle_book, layout_loops_ring, serial_rivers,
          chequers_serial_rivers_small_b, chequers_serial_rivers_small_3,
          chequers_serial_rivers_room_b, chequers_serial_rivers_micro_d,
          chequers_serial_rivers_large_a
Swamp:1:  layout_basic_swamp, hangedman_swamp_diagram, uniq_louise, uniq_jorgrun
Orc:1:    layout_caves
Orc:2:    grunt_orc_cross, layout_caves, basic_altar

Skill      XL: |  1  2  3  4  5  6  7  8  9 10 11 12 13 14 15 16 17 18 |
---------------+-------------------------------------------------------+-----
Spellcasting   | 3 4 5 7 8 9 11 12 13 14 15 | 15.6
Transmutations | 2 3 6 9 10 | 10.0
Air Magic      | 1 2 3 5 |  5.5
Poison Magic   | 4 5 6 8 10 11 12 13 14 | 14.9
Fighting       | 1 2 3 4 5 6 7 8 9 10 11 | 11.0
Conjurations   | 2 3 |  3.0
Invocations    | 1 3 5 7 9 10 11 | 11.4
Dodging        | 6 9 11 12 14 | 14.1
Earth Magic    | 4 5 |  5.2
Stealth        | |  3.0

Action                   |  1- 3 |  4- 6 |  7- 9 | 10-12 | 13-15 | 16-18 || total
-------------------------+-------+-------+-------+-------+-------+-------++-------
Melee: Unarmed           |     1 |       |       |       |     8 |       ||     9
       Dagger            |     4 |    38 |    50 |   153 |   268 |    26 ||   539
Throw: Dart              |    17 |    21 |     4 |     1 |     4 |       ||    47
 Cast: Sting             |    58 |    39 |    12 |    11 |    11 |       ||   131
       Poisonous Vapours |    19 |    36 |    60 |    81 |   220 |    10 ||   426
       Ignite Poison     |       |     8 |    47 |   102 |   280 |    13 ||   450
       Mephitic Cloud    |       |     3 |    15 |    45 |   110 |     2 ||   175
       Olgreb's Toxic Ra |       |       |    11 |    24 |    53 |     3 ||    91
       Maxwell's Capacit |       |       |       |       |     3 |       ||     3
       Alistair's Intoxi |       |       |       |       |     3 |       ||     3
       Fire Storm        |       |       |       |       |     1 |       ||     1
       Storm Form        |       |       |       |       |     1 |       ||     1
       Statue Form       |       |       |       |       |       |     3 ||     3
Invok: Channel Magic     |       |       |       |     2 |     3 |       ||     5
       Divine Exegesis   |       |       |       |       |     5 |       ||     5
 Abil: Blinkbolt         |       |       |       |       |     1 |       ||     1
Evoke: Wand              |       |     5 |     3 |    11 |     4 |       ||    23
  Use: Scroll            |       |       |     7 |     2 |    15 |     2 ||    26
       Potion            |       |       |       |       |     4 |     1 ||     5
 Stab: Sleeping          |       |       |     1 |       |       |       ||     1
Armor: Robe              |     1 |     6 |    10 |     3 |       |       ||    20
       Skin              |       |       |     1 |       |    20 |    11 ||    32
       Steam dragon scal |       |       |       |    31 |    85 |     6 ||   122
Dodge: Dodged            |     3 |    40 |    36 |   212 |   520 |    32 ||   843

Table legend: (Time is in decaauts)
 A = Elapsed time spent in this place.
 B = Non-inter-level travel time spent in this place.
 C = Inter-level travel time spent in this place.
 D = Time resting spent in this place.
 E = Time spent auto-exploring this place.
 F = Levels seen in this place.
 G = Mean time per level.
                   A        B        C        D        E       F      G
               +--------+--------+--------+--------+--------+-----+--------+
         Total |  31876 |  30999 |    877 |   9583 |  14909 |  27 | 1180.6 |
       Dungeon |  18219 |  17646 |    573 |   5422 |   8689 |  15 | 1214.6 |
        Temple |    100 |     90 |     10 |      0 |     70 |   1 |  100.0 |
          Lair |   8895 |   8648 |    247 |   1632 |   5538 |   6 | 1482.5 |
         Swamp |    154 |    154 |      0 |     26 |     60 |   1 |  154.0 |
  Orcish Mines |   2276 |   2231 |     45 |   1211 |    260 |   2 | 1138.0 |
        Bailey |   1439 |   1439 |      0 |    793 |    175 |   1 | 1439.0 |
       Volcano |    791 |    791 |      0 |    498 |    115 |   1 |  791.0 |
               +--------+--------+--------+--------+--------+-----+--------+

Top non-repeatable levels by time:
    D:14: 4212 daAuts
  Lair:6: 2774 daAuts
   Orc:2: 1681 daAuts
  Lair:4: 1619 daAuts
     D:5: 1619 daAuts
  Lair:1: 1546 daAuts
  Bailey: 1439 daAuts
     D:6: 1400 daAuts
    D:15: 1319 daAuts
    D:10: 1279 daAuts
     D:1: 1217 daAuts
     D:2: 1074 daAuts
  Lair:3: 1046 daAuts
     D:8: 1013 daAuts
  Lair:2: 1009 daAuts
